 Dungeon Crawl Stone Soup version 0.28.0-53-g5a82cb258f (webtiles) character file.

Game seed: 13622935437577818047

14 Zeld the Firebug (level 2, 0/24 HPs)
             Began as an Ogre Fire Elementalist on June 6, 2022.
             Slain by a gnoll
             ... wielding a +0 club
              (7 damage)
             ... on level 1 of the Dungeon.
             The game lasted 00:01:01 (409 turns).

Zeld the Firebug (Ogre Fire Elementalist)            Turns: 409, Time: 00:01:01

Health: 0/24       AC:  3    Str: 11    XL:     2   Next: 45%
Magic:  1/5        EV:  9    Int: 16    God:
Gold:   0          SH:  0    Dex:  9    Spells: 3/6 levels left

rFire   . . .      SeeInvis .   (no weapon)
rCold   . . .      Faith    .   (no shield)
rNeg    . . .      Spirit   .   a - +0 robe
rPois   .          Reflect  .   (helmet restricted)
rElec   .          Harm     .   (no cloak)
rCorr   .          Rampage  .   (gloves unavailable)
Will    .....                   (boots unavailable)
Stlth   +.........              (no amulet)
HPRegen 0.08/turn               (no ring)
MPRegen 0.09/turn               (no ring)

@: no status effects
A: large, unfitting armour, tough skin 1
a: no special abilities


You were on level 1 of the Dungeon.
You visited 1 branch of the dungeon, and saw 2 of its levels.

Inventory:

Armour
 a - a +0 robe (worn)


   Skills:
 - Level 1.7 Dodging
 - Level 1.4 Stealth
 * Level 2.9 Spellcasting
 + Level 1.2 Conjurations
 * Level 3.0 Fire Magic


You had 3 spell levels left.
You knew the following spells:

 Your Spells              Type           Power      Damage    Failure   Level
a - Foxfire               Conj/Fire      36%        2x1d5     8%          1
b - Scorch                Fire           24%        2d6       9%          2

Your spell library contained the following spells:

 Spells                   Type           Power      Damage    Failure   Level
 Conjure Flame            Conj/Fire      9%         6-21      24%         3
 Inner Flame              Hex/Fire       7%         N/A       30%         3
 Flame Wave               Conj/Fire      9%         2d5       61%         4


Dungeon Overview and Level Annotations

Branches:
Dungeon (2/15)

Altars:


Innate Abilities, Weirdness & Mutations

You are too large for most types of armour.
You have tough skin. (AC +1)


Message History

Nothing appears to happen.
A kobold comes into view. It is wielding a +0 club.
The kobold shouts!
The kobold barely misses you. The kobold hits you with a +0 club.
* * * LOW HITPOINT WARNING * * *
Found 26 arrows.
Your magical contamination has completely faded away.
The gnoll closely misses you.
You see here 26 arrows.
Casting: Foxfire (safe; 8% risk of failure)
Confirm with . or Enter, or press ? or * to list all spells.
Flames lash the gnoll.
The gnoll is severely wounded.
The gnoll's fire resistance burns away.
The gnoll hits you with a +0 club.
* * * LOW HITPOINT WARNING * * *
The gnoll is no longer more vulnerable to fire.
Casting: Scorch (safe; 9% risk of failure)
Confirm with . or Enter, or press ? or * to list all spells.
Flames lash the gnoll.
The gnoll is severely wounded.
The gnoll's fire resistance burns away.
Unknown command.
The gnoll is no longer more vulnerable to fire.
The gnoll barely misses you.
Casting: Scorch (safe; 9% risk of failure)
Confirm with . or Enter, or press ? or * to list all spells.
You conjure some foxfire!
The foxfire hits the gnoll.
The gnoll is severely wounded.
The foxfire hits the gnoll.
The gnoll is severely wounded.
Casting: Foxfire (safe; 8% risk of failure)
Confirm with . or Enter, or press ? or * to list all spells.
You conjure some foxfire!
Your foxfire dissipates!
The foxfire hits the gnoll.
The gnoll is almost dead.
The gnoll hits you with a +0 club!
You die...

............##....##.#..
.............)....##.####
..............S.K.#......
............#####.#.####'
............#####.#.####.
..........K....##S###..#.
..........####..#..#.#.#.
......$.#### ##.#K.#..#..
..$.#...@gS####.#(####...
.....#...#..K.#...+.....<
..#. ##...........####...
# ##....####...#..#..
......... #..##.#.#.
.......... ##..##..#.
#.......... ....####.
####.............. #+
...............


You could see a gnoll, a ball python and a kobold.

Vanquished Creatures
  A gnoll (D:1)
  A bat (D:1)
  A hobgoblin (D:1)
  A ball python (D:1)
  A frilled lizard (D:1)
  A kobold (D:1)
6 creatures vanquished.

Vanquished Creatures (others)
  14 foxfires
14 creatures vanquished.

Grand Total: 20 creatures vanquished

Notes
Turn   | Place    | Note
-------+----------+-------------------------------------------
     0 | D:1      | Zeld the Ogre Fire Elementalist began the quest for the
                  | Orb.
     0 | D:1      | Reached XP level 1. HP: 16/16 MP: 3/3
    35 | D:1      | Reached skill level 1 in Conjurations
    92 | D:1      | Reached skill level 3 in Fire Magic
    92 | D:1      | Reached XP level 2. HP: 6/24 MP: 1/5
    95 | D:1      | Learned a level 2 spell: Scorch
   409 | D:1      | Slain by a gnoll

Illustrated notes

Levels and vault maps discovered:
D:1:      nzn_arrival_crosshair, layout_rooms, st_stairs_3, fountainhead,
          minmay_misc_feat_alley, minmay_pentomino_x4
D:2:      layout_loops_corners, dreamdust_ecumenical_altar_grove, basic_altar,
          grunt_ministairs_12, corexii_shack, minmay_tall_x

Skill      XL: |  1 |
---------------+----+-----
Conjurations   | 1 |  1.2
Fire Magic     | 3 |  3.0
Dodging        | |  1.7
Stealth        | |  1.4
Spellcasting   | |  2.9

Action                   || total
-------------------------++-------
Melee: Unarmed           ||     9
 Cast: Foxfire           ||    10
       Scorch            ||     4
Armor: Robe              ||     6
Dodge: Dodged            ||    10
